 Dungeon Crawl Stone Soup version 0.31.0-32-g396128a36d (webtiles) character file.

Game seed: 11529394218542166511

533 Peloso the Slasher (level 7, -3/60 HPs)
             Began as a Minotaur Fighter on Mar 23, 2024.
             Was an Initiate of Okawaru.
             Slain by Prince Ribbit (12 damage)
             ... on level 6 of the Dungeon.
             The game lasted 00:08:39 (3630 turns).

Peloso the Slasher (Minotaur Fighter)               Turns: 3630, Time: 00:08:39

Health: -3/60      AC:  8    Str: 21    XL:     7   Next: 4%
Magic:  6/6        EV: 10    Int:  5    God:    Okawaru [......]
Gold:   164        SH:  4    Dex: 11    Spells: 6/6 levels left

rFire   . . .        a - +0 long sword
rCold   . . .        d - +0 buckler
rNeg    + . .        h - +0 scale mail
rPois   .            (helmet restricted)
rElec   .            c - +0 cloak
rCorr   .            (no gloves)
SInv    .            (no boots)
Will    +....        (no amulet) Stlth
                     o - ring of positive energy
HPRegen 0.30/turn    f - ring of willpower
MPRegen 0.10/turn

%: no passive effects
@: mighty, hasted, very quick
A: horns 2, retaliatory headbutt
a: Renounce Religion


You were on level 6 of the Dungeon.
You worshipped Okawaru.
Okawaru was noncommittal.
You visited 2 branches of the dungeon, and saw 7 of its levels.

You collected 164 gold pieces.

Inventory:

Hand Weapons
 a - a +0 long sword (weapon)
 b - a +1 hand axe of flaming
Armour
 c - a +0 cloak (worn)
 d - a +0 buckler (worn)
 h - a +0 scale mail (worn)
Jewellery
 f - a ring of willpower (right hand)
 o - a ring of positive energy (left hand)
Talismans
 j - a serpent talisman
 l - a blade talisman
Wands
 s - a wand of iceblast (4)
Scrolls
 k - a scroll of teleportation {unknown}
 m - a scroll of noise {unknown}
 p - 2 scrolls of fog {unknown}
 q - a scroll of immolation {unknown}
 r - 2 scrolls of identify
 t - a scroll of fear {unknown}
 w - a scroll of poison {unknown}
Potions
 i - a potion of berserk rage {unknown}
 u - a potion of lignification {unknown}


   Skills:
 + Level 4.8 Fighting
 + Level 6.3 Long Blades
 + Level 5.7 Armour
 + Level 1.9 Dodging
 + Level 1.0 Stealth
 + Level 4.3 Shields


You had 6 spell levels left.
You didn't know any spells.
Your spell library contained the following spells:

 Spells                   Type           Power      Damage    Failure   Level
 Static Discharge         Conj/Air       0%         3-3/arc   94%         2
 Airstrike                Air            0%         2d(0-16)  100%        4
 Summon Lightning Spire   Summ/Air       Unusable   N/A       N/A         4

Dungeon Overview and Level Annotations

Branches:
Dungeon (6/15)             Temple (1/1) D:5

Altars:
Cheibriados
Dithmenos
Elyvilon
Fedhas
Gozag
Hepliaklqana
Makhleb
Okawaru
Qazlal
Ru
Sif Muna
Trog
Uskayaw
Vehumet
Yredelemnul
Zin
The Shining One

Annotations:
D:4 2 transporters, Syis's ghost, amateur FeBe
D:5 Dowan; Duvessa; Eustachio
D:6 Prince Ribbit


Innate Abilities, Weirdness & Mutations

You have a pair of horns on your head.
You reflexively headbutt those who attack you in melee.


Message History

Prince Ribbit hits you!
The black bear growls angrily.
You hit Prince Ribbit but do no damage.
Prince Ribbit is lightly wounded.
Prince Ribbit hits you! Prince Ribbit hits you.
You hit Prince Ribbit. Your headbutt misses Prince Ribbit.
Prince Ribbit is lightly wounded.
You block Prince Ribbit's attack.
You closely miss Prince Ribbit.
Prince Ribbit is lightly wounded.
Prince Ribbit blinks! x2
Aiming: Iceblast
Press: ? - help, Shift-Dir - straight line, f - Prince Ribbit
Aim: Prince Ribbit (lightly wounded)
The mass of ice explodes!
The iceblast engulfs Prince Ribbit!
Prince Ribbit is moderately wounded.
The iceblast engulfs the black bear.
The black bear is lightly wounded.
You hear a shout! x2
You feel very mighty all of a sudden. Prince Ribbit hits you!
* * * LOW HITPOINT WARNING * * *
Prince Ribbit hits you.
* * * LOW HITPOINT WARNING * * *
Prince Ribbit attacks as he pursues you!
Prince Ribbit barely misses you.
Unknown command.
You miss Prince Ribbit. Your headbutt misses Prince Ribbit.
Prince Ribbit is moderately wounded.
Prince Ribbit hits you.
* * * LOW HITPOINT WARNING * * *
Prince Ribbit barely misses you.
Unknown command.
You feel better.
Prince Ribbit hits you but does no damage.
You feel yourself speed up. Prince Ribbit hits you!
* * * LOW HITPOINT WARNING * * *
Prince Ribbit barely misses you.
You feel better. Prince Ribbit hits you!
You die...

..................#
..................#
#..........##.......##
#..........##########
............#
.....###...##
.....###....#
#...h#....#
##...#@..##
#....F....#
.......#....#
.......#...##
############


You could see Prince Ribbit.

Vanquished Creatures
  An ogre (D:5)
  A phantom (D:4)
  A bullfrog (D:6)
  A jelly (D:4)
  A bombardier beetle (D:5)
  An orc priest (D:4)
  A hound (D:5)
  2 sleepcaps
  Terence (D:3)
  An orc wizard (D:4)
  2 adders
  3 ribbon worms
  A dart slug (D:1)
  3 orcs
  6 ball pythons
  8 endoplasms
  6 giant cockroaches
  2 goblins
  6 hobgoblins
  5 kobolds
  2 quokkas (D:1)
  5 bats
  3 frilled lizards (D:1)
  4 rats
67 creatures vanquished.

Notes
Turn   | Place    | Note
-------+----------+-------------------------------------------
     0 | D:1      | Peloso the Minotaur Fighter began the quest for the Orb.
     0 | D:1      | Reached XP level 1. HP: 19/19 MP: 0/0
   300 | D:1      | Reached XP level 2. HP: 27/27 MP: 1/1
   384 | D:1      | Found a faded altar of an unknown god.
   765 | D:1      | Reached XP level 3. HP: 33/33 MP: 2/2
   824 | D:2      | Reached skill level 3 in Long Blades
  1714 | D:3      | Noticed Terence
  1716 | D:3      | Killed Terence
  1717 | D:3      | Reached XP level 4. HP: 40/40 MP: 3/3
  1987 | D:4      | Noticed a phantom
  2002 | D:4      | Killed a phantom
  2003 | D:4      | Reached skill level 4 in Long Blades
  2003 | D:4      | Reached skill level 1 in Dodging
  2003 | D:4      | Reached XP level 5. HP: 34/47 MP: 4/4
  2232 | D:4      | Noticed an ogre
  2233 | D:4      | Noticed Syis's ghost (amateur FeBe)
  2235 | D:4      | Found a transporter.
  2239 | D:4      | Found a transporter.
  2585 | D:5      | Entered Level 5 of the Dungeon
  2585 | D:5      | Noticed an ogre
  2591 | D:5      | Killed an ogre
  2592 | D:5      | Reached skill level 5 in Long Blades
  2592 | D:5      | Reached skill level 5 in Armour
  2592 | D:5      | Reached XP level 6. HP: 53/53 MP: 5/5
  2941 | D:5      | Reached skill level 1 in Stealth
  3005 | D:5      | Found a staircase to the Ecumenical Temple.
  3015 | Temple   | Entered the Ecumenical Temple
  3053 | Temple   | Became a worshipper of Warmaster Okawaru
  3315 | D:5      | Reached skill level 6 in Long Blades
  3405 | D:5      | Noticed Duvessa
  3405 | D:5      | Noticed Dowan
  3531 | D:5      | Noticed Eustachio
  3544 | D:6      | Reached XP level 7. HP: 53/60 MP: 6/6
  3618 | D:6      | Noticed Prince Ribbit
  3629 | D:6      | HP: 3/60 [Prince Ribbit (16)]
  3630 | D:6      | Slain by Prince Ribbit

Illustrated notes

Levels and vault maps discovered:
D:1:      dpeg_chamrin_arrival_tetris, layout_basic,
          dreamdust_ecumenical_altar_grove
D:2:      layout_rooms
D:3:      layout_loops_ring, hangedman_decor_clover_reticule, uniq_terence
D:4:      layout_basic, gammafunk_ghost_smash
D:5:      layout_rooms, marbit_many_paths, minmay_temple_entry_ruins,
          grunt_decor_cap, grunt_decor_clamped, amcnicky_mini_pool_small,
          uniq_eustachio, uniq_duvessa
D:6:      layout_gridville, lemuel_doored_altar, nicolae_figureground_pulse,
          uniq_prince_ribbit1
Temple:   minmay_crystal_spiral_temple

Skill      XL: |  1  2  3  4  5  6 |
---------------+-------------------+-----
Fighting       | 4 |  4.8
Armour         | 4 5 |  5.7
Long Blades    | 3 4 5 6 |  6.3
Shields        | 4 |  4.3
Dodging        | 1 |  1.9
Stealth        | 1 |  1.0

Action                     |  1- 3 |  4- 6 |  7- 9 || total
---------------------------+-------+-------+-------++-------
  Melee: Long sword        |   105 |    86 |     5 ||   196
         Headbutt          |    17 |    14 |       ||    31
  Evoke: Wand              |       |       |     1 ||     1
    Use: Potion            |     1 |     2 |     4 ||     7
         Scroll            |     1 |     1 |       ||     2
 Armour: Scale mail        |    52 |    73 |    10 ||   135
  Dodge: Dodged            |    45 |    46 |     4 ||    95
  Block: Buckler           |    24 |    23 |     1 ||    48
